Map: 暮色之塔

Players

胡汉三 - Winner!

  • Race: Zerg Zerg

IIIIIIIII

  • Race: Terran Terran

VOD

Have the link to the VOD?

Description

Time

  • Played on: May 18, 2016, 11:35 a.m.
  • Length: 24:47
Show
View Real Time Build Order
Export as new Build Order

胡汉三 Zerg - Winner!

Build Orders: Hatch First 

Get SALT Encoding   

  12  0:00  Unknown x4, Advanced Ballistics  
  12  0:01  Unknown x2  
  12  0:02  Drone, Unknown x3  
  12  0:03  Unknown x2  
  12  0:04  Unknown x2  
  12  0:06  Unknown  
  12  0:07  Unknown x3  
  13  0:08  Unknown  
  13  0:12  Overlord  
  13  0:13  Unknown x3  
  13  0:14  Unknown  
  13  0:15  Unknown  
  13  0:20  Unknown x2  
  13  0:23  Unknown  
  13  0:26  Unknown  
  13  0:27  Drone, Unknown  
  14  0:29  Unknown  
  14  0:30  Drone x2  
  14  0:31  Unknown  
  14  0:32  Unknown x3  
  14  0:33  Unknown x4  
  14  0:34  Unknown x3  
  16  0:43  Unknown  
  16  0:50  Unknown x2  
  16  0:51  Unknown x2, Hatchery  
  16  0:52  Unknown x4  
  16  0:53  Unknown x3  
  16  0:54  Drone, Unknown  
  16  0:55  Unknown x3  
  16  0:56  Unknown x3  
  16  0:58  Drone, Unknown  
  16  0:59  Unknown  
  16  1:00  Unknown x3  
  16  1:01  Unknown  
  16  1:02  Unknown x3  
  16  1:03  Unknown  
  17  1:04  Unknown  
  17  1:05  Unknown x2  
  17  1:06  Unknown x2  
  17  1:07  Unknown x2  
  17  1:08  Extractor, Unknown x2  
  17  1:09  Unknown  
  17  1:10  Unknown  
  16  1:11  Unknown  
  16  1:12  Unknown  
  16  1:13  Unknown, Spawning Pool  
  16  1:14  Unknown  
  16  1:15  Unknown x4  
  16  1:16  Unknown x3  
  16  1:17  Drone  
  16  1:18  Unknown x4  
  16  1:22  Unknown x2  
  16  1:24  Drone x2, Unknown x2  
  16  1:25  Unknown  
  18  1:27  Unknown  
  18  1:28  Unknown  
  18  1:29  Unknown x3  
  18  1:30  Unknown  
  18  1:31  Unknown x2  
  18  1:32  Unknown x4  
  18  1:33  Unknown x3  
  18  1:34  Drone, Unknown  
  18  1:35  Unknown x2  
  18  1:36  Unknown x2  
  18  1:38  Unknown x3  
  18  1:39  Unknown  
  19  1:41  Unknown x2  
  19  1:43  Unknown x2  
  19  1:44  Overlord  
  19  1:45  Unknown x4  
  19  1:46  Unknown  
  19  1:47  Unknown x2  
  19  1:48  Unknown x2  
  19  1:49  Unknown  
  19  1:50  Unknown x2  
  19  1:51  Unknown  
  19  1:52  Unknown x4  
  19  1:56  Zergling x4  
  19  1:57  Unknown  
  19  1:59  Unknown  
  19  2:00  Queen  
  21  2:02  Unknown x2  
  21  2:03  Unknown x2, Zergling x2  
  21  2:04  Queen, Unknown  
  21  2:05  Unknown x2  
  21  2:06  Unknown x3  
  21  2:07  Unknown x2  
  25  2:08  Unknown x2  
  25  2:11  Unknown  
  25  2:12  Unknown x4  
  25  2:15  Unknown x3  
  26  2:16  Unknown, Metabolic Boost  
  26  2:17  Unknown  
  26  2:18  Unknown  
  26  2:19  Unknown x3  
  26  2:20  Unknown  
  26  2:21  Unknown x3  
  26  2:22  Unknown x4  
  26  2:24  Unknown  
  26  2:28  Unknown  
  26  2:30  Unknown  
  26  2:33  Unknown x2  
  26  2:35  Unknown  
  26  2:36  Hatchery  
  25  2:38  Unknown x2  
  25  2:39  Unknown  
  25  2:40  Drone, Unknown x2  
  25  2:41  Unknown  
  25  2:44  Unknown x3  
  26  2:48  Drone x2, Unknown x2  
  26  2:49  Unknown  
  26  2:50  Unknown x3  
  28  2:52  Drone  
  28  2:53  Unknown x2  
  28  2:55  Unknown x3  
  28  2:56  Unknown  
  28  2:57  Unknown x2  
  28  2:58  Unknown  
  29  2:59  Unknown  
  29  3:01  Unknown x2  
  29  3:02  Unknown  
  29  3:04  Unknown x2  
  29  3:05  Unknown x2  
  29  3:06  Drone x5, Unknown  
  29  3:07  Unknown  
  29  3:10  Unknown  
  34  3:15  Lair  
  34  3:19  Unknown  
  34  3:21  Overlord  
  34  3:22  Unknown x4  
  34  3:23  Unknown x4  
  34  3:24  Unknown x4  
  34  3:25  Unknown x2  
  34  3:28  Unknown x2, Overlord  
  34  3:29  Unknown  
  34  3:32  Drone x2, Unknown x2  
  34  3:33  Unknown  
  36  3:34  Unknown  
  36  3:35  Unknown  
  36  3:36  Unknown x2  
  36  3:37  Unknown  
  36  3:39  Unknown x2, Overlord  
  36  3:40  Unknown  
  36  3:41  Unknown x2  
  36  3:42  Unknown x2  
  36  3:43  Drone  
  36  3:44  Drone x3, Unknown x2  
  36  3:45  Unknown  
  36  3:46  Unknown  
  40  3:50  Unknown  
  40  3:51  Unknown  
  40  3:52  Unknown, Roach Warren  
  40  3:53  Unknown  
  40  3:54  Unknown  
  40  3:55  Unknown x2, Spore Crawler  
  38  3:57  Drone, Unknown, Spore Crawler  
  38  3:58  Drone x2  
  38  3:59  Unknown  
  38  4:01  Unknown  
  38  4:02  Unknown  
  40  4:04  Unknown  
  40  4:05  Unknown  
  40  4:06  Unknown x2, Zergling x6  
  40  4:07  Zergling x4  
  40  4:08  Unknown  
  40  4:11  Unknown  
  40  4:12  Unknown  
  40  4:14  Unknown x2  
  40  4:15  Queen, Unknown  
  40  4:16  Unknown  
  47  4:17  Drone, Unknown  
  47  4:18  Unknown  
  47  4:20  Unknown  
  47  4:21  Unknown x3  
  47  4:22  Unknown x2  
  47  4:23  Unknown  
  48  4:24  Unknown, Roach x6  
  48  4:26  Unknown  
  48  4:27  Unknown  
  48  4:29  Unknown x2  
  48  4:30  Unknown x2  
  48  4:31  Unknown  
  48  4:33  Unknown x2  
  48  4:34  Unknown x3  
  48  4:35  Unknown x5  
  48  4:36  Unknown x4  
  48  4:37  Unknown x5  
  48  4:38  Unknown x2  
  58  4:40  Roach  
  58  4:41  Unknown, Roach  
  58  4:42  Unknown x3  
  58  4:44  Drone x7, Unknown  
  58  4:45  Unknown x4  
  61  4:46  Unknown x2  
  61  4:47  Unknown x3  
  61  4:48  Unknown  
  61  4:49  Unknown  
  61  4:50  Unknown  
  61  4:51  Unknown x2  
  61  4:52  Unknown x2  
  64  4:53  Unknown x3  
  64  4:54  Unknown x4  
  64  4:55  Unknown x3  
  64  4:56  Unknown  
  64  4:57  Unknown  
  64  4:58  Unknown x2  
  64  4:59  Unknown  
  60  5:00  Unknown x4  
  60  5:01  Unknown x3  
  60  5:02  Unknown x2  
  60  5:03  Unknown  
  60  5:04  Unknown x2  
  60  5:05  Unknown x3  
  60  5:06  Unknown x2  
  60  5:07  Unknown x3  
  59  5:08  Unknown x2  
  59  5:09  Unknown x4  
  59  5:10  Unknown x4  
  59  5:11  Drone x7  
  59  5:12  Unknown x3  
  59  5:13  Unknown x3  
  65  5:15  Unknown  
  65  5:16  Unknown, Spore Crawler  
  65  5:17  Unknown x2  
  65  5:18  Unknown x3  
  65  5:19  Unknown x2  
  65  5:20  Unknown x3, Glial Reconstitution  
  64  5:21  Unknown x2  
  64  5:22  Unknown x4  
  64  5:24  Unknown x2, Overlord  
  64  5:25  Unknown, Overlord  
  64  5:26  Unknown x3  
  64  5:27  Unknown x3  
  64  5:28  Unknown x3  
  64  5:29  Unknown x3  
  64  5:30  Drone, Unknown  
  64  5:31  Unknown  
  64  5:32  Unknown x5  
  64  5:33  Unknown x3  
  64  5:34  Unknown x4  
  64  5:35  Unknown x4  
  65  5:36  Unknown  
  65  5:37  Unknown  
  65  5:39  Unknown x3  
  65  5:40  Unknown x2  
  65  5:41  Unknown x2  
  65  5:42  Unknown x2  
  65  5:43  Queen, Unknown x3  
  65  5:44  Unknown x2, Overseer  
  65  5:45  Unknown x2  
  65  5:48  Unknown, Overlord x3  
  65  5:49  Unknown x2  
  67  5:50  Unknown x2  
  67  5:51  Drone x5  
  67  5:52  Drone, Unknown x3  
  67  5:53  Evolution Chamber, Unknown  
  67  5:54  Evolution Chamber, Extractor, Unknown x2  
  67  5:55  Evolution Chamber  
  67  5:56  Unknown  
  67  5:57  Unknown x2  
  69  5:58  Unknown x3, Overseer  
  69  5:59  Unknown  
  69  6:00  Unknown x2  
  69  6:01  Unknown  
  69  6:02  Unknown x2  
  69  6:04  Unknown  
  69  6:05  Drone x2, Unknown x2  
  69  6:06  Unknown  
  69  6:07  Unknown x2  
  69  6:09  Drone x3, Unknown  
  69  6:10  Unknown x2  
  69  6:11  Hydralisk Den, Unknown x4  
  73  6:12  Unknown x4  
  73  6:13  Unknown x4  
  73  6:14  Unknown  
  73  6:16  Drone x5, Unknown x2  
  73  6:17  Unknown x2  
  73  6:18  Unknown x2, Pneumatized Carapace  
  78  6:19  Extractor x2, Unknown x2  
  78  6:20  Unknown x2  
  78  6:21  Unknown x2  
  78  6:23  Unknown x2  
  78  6:24  Unknown x3  
  76  6:26  Unknown x2  
  76  6:27  Unknown x3  
  76  6:28  Hydralisk  
  76  6:29  Unknown x4, Hydralisk x3  
  76  6:30  Unknown x3  
  76  6:31  Unknown  
  76  6:32  Unknown  
  76  6:33  Unknown  
  76  6:34  Unknown x2  
  76  6:35  Drone x4, Unknown  
  76  6:36  Unknown, Hydralisk  
  76  6:37  Zerg Missile Weapons Level 1, Zerg Ground Armor Level 1  
  76  6:38  Zerg Melee Weapons Level 1, Unknown  
  76  6:39  Unknown x2  
  82  6:41  Unknown  
  82  6:45  Unknown, Hydralisk x4  
  82  6:46  Muscular Augments  
  88  6:51  Unknown  
  88  6:52  Unknown x2  
  90  6:54  Unknown x2  
  90  6:55  Unknown x3  
  90  6:56  Unknown  
  90  6:57  Unknown x2  
  90  6:58  Unknown  
  90  6:59  Unknown x2  
  90  7:00  Unknown  
  97  7:01  Drone, Unknown  
  97  7:03  Unknown x2  
  97  7:04  Unknown  
  97  7:05  Extractor, Drone x4  
  97  7:06  Extractor, Unknown x3  
  99  7:09  Unknown  
  99  7:10  Unknown  
  99  7:13  Unknown  
  99  7:15  Unknown  
  99  7:17  Unknown, Overlord x3  
  99  7:18  Unknown x2  
  99  7:19  Unknown x4  
  99  7:20  Unknown x2  
  99  7:21  Unknown x3  
  99  7:22  Unknown x2  
  99  7:23  Unknown  
  99  7:24  Unknown  
  99  7:25  Overlord x2  
  99  7:26  Unknown x2  
  99  7:27  Unknown x2  
  99  7:28  Unknown  
  99  7:30  Unknown  
  99  7:31  Unknown x2  
  99  7:32  Unknown  
  99  7:33  Unknown  
  99  7:34  Unknown  
  99  7:35  Unknown  
  99  7:36  Unknown x2  
  99  7:37  Unknown x2, Infestation Pit  
  99  7:38  Unknown x2  
  99  7:39  Unknown  
  99  7:40  Unknown x3  
  99  7:41  Unknown  
  99  7:42  Unknown, Hatchery  
  99  7:43  Unknown x2  
  99  7:44  Unknown x4  
  96  7:45  Unknown x6  
  96  7:46  Unknown  
  96  7:47  Unknown x3  
  96  7:48  Unknown x3  
  96  7:49  Unknown x2  
  96  7:50  Unknown x3  
  96  7:51  Unknown  
  96  7:52  Unknown x2  
  96  7:54  Burrow, Unknown  
  96  7:55  Tunneling Claws, Unknown  
  96  7:57  Unknown x3  
  96  7:58  Unknown  
  96  7:59  Unknown x2  
  96  8:00  Unknown x2  
  96  8:01  Unknown x2  
  96  8:02  Unknown x5  
  96  8:03  Unknown  
  96  8:04  Unknown x3  
  96  8:05  Unknown x3  
  96  8:06  Unknown  
  96  8:07  Unknown, Spire  
  96  8:08  Unknown  
  96  8:10  Unknown x5  
  96  8:11  Unknown x4, Hydralisk x5  
  96  8:12  Unknown  
  95  8:13  Unknown x4  
  95  8:14  Unknown  
  95  8:15  Unknown x2  
  95  8:16  Unknown  
  95  8:17  Unknown x5  
  95  8:18  Unknown x4  
  95  8:19  Unknown x3  
  95  8:20  Unknown  
  95  8:21  Unknown x3  
  95  8:22  Unknown, Overlord x3  
  95  8:24  Unknown x2  
  95  8:25  Unknown x2  
  95  8:26  Unknown x2  
  105  8:27  Unknown  
  105  8:28  Unknown x2  
  105  8:29  Unknown x3  
  105  8:30  Unknown x4  
  105  8:31  Unknown x4  
  105  8:32  Unknown x3  
  105  8:33  Unknown x2  
  105  8:34  Unknown x4  
  105  8:37  Unknown  
  105  8:38  Unknown x2  
  105  8:39  Unknown x3  
  105  8:40  Unknown x2  
  105  8:41  Unknown x3  
  105  8:42  Unknown x3  
  105  8:43  Unknown  
  105  8:44  Unknown x3  
  105  8:45  Unknown x2  
  105  8:46  Unknown x3  
  105  8:49  Unknown x2  
  105  8:51  Unknown, Overlord x2  
  105  8:52  Unknown x2, Roach, Overlord x2  
  105  8:53  Unknown, Hive, Roach x9  
  105  8:54  Zerg Melee Weapons Level 2, Zerg Missile Weapons Level 2, Zerg Ground Armor Level 2  
  105  8:55  Unknown x2  
  105  8:56  Unknown  
  105  8:57  Unknown x2  
  105  8:58  Unknown x2  
  105  8:59  Unknown x4  
  105  9:00  Unknown x3  
  105  9:02  Unknown  
  125  9:03  Unknown x2  
  125  9:05  Unknown x2  
  125  9:06  Unknown x3  
  125  9:07  Unknown x2  
  125  9:08  Unknown x2  
  125  9:09  Unknown  
  125  9:10  Unknown x2  
  125  9:11  Unknown x2  
  125  9:12  Unknown  
  125  9:13  Drone x14, Unknown x3  
  125  9:15  Unknown  
  125  9:16  Unknown x2  
  118  9:17  Unknown  
  118  9:18  Unknown x4  
  118  9:22  Unknown x2  
  118  9:23  Unknown  
  114  9:24  Unknown x2  
  114  9:25  Unknown x2  
  114  9:27  Unknown x3  
  114  9:28  Unknown  
  114  9:29  Unknown x3  
  114  9:30  Unknown x3  
  114  9:31  Unknown  
  114  9:32  Unknown x2, Roach x8  
  114  9:33  Unknown  
  114  9:34  Queen, Unknown  
  114  9:35  Drone x11, Unknown  
  114  9:36  Unknown  
  114  9:37  Unknown  
  114  9:38  Unknown  
  127  9:39  Unknown  
  127  9:41  Unknown, Roach x2  
  127  9:42  Unknown  
  127  9:43  Unknown x2  
  127  9:44  Unknown x2  
  127  9:45  Unknown x3  
  127  9:46  Unknown x3  
  127  9:47  Unknown x3  
  127  9:48  Unknown x4  
  127  9:49  Unknown x4  
  127  9:50  Unknown x2  
  127  9:51  Unknown x3  
  127  9:52  Unknown x3, Spore Crawler  
  126  9:53  Unknown  
  126  9:55  Spine Crawler, Unknown x2  
  126  9:56  Spine Crawler  
  126  9:58  Unknown  
  126  9:59  Unknown x2  
  122  10:00  Unknown  
  122  10:01  Unknown, Roach x8  
  122  10:02  Unknown, Roach x3  
  122  10:03  Unknown x3  
  122  10:04  Unknown x3  
  122  10:05  Unknown  
  122  10:06  Unknown x5  
  120  10:07  Unknown x2  
  120  10:08  Unknown x2  
  120  10:09  Unknown x2  
  120  10:11  Unknown x3  
  120  10:12  Unknown x2  
  120  10:13  Greater Spire, Unknown  
  142  10:15  Unknown  
  142  10:17  Unknown  
  142  10:18  Unknown  
  142  10:19  Unknown x3  
  142  10:20  Unknown x2  
  142  10:21  Drone, Unknown, Spire  
  141  10:22  Drone x7, Unknown x2  
  141  10:23  Drone, Unknown  
  141  10:24  Drone x3, Unknown  
  141  10:25  Drone x3, Unknown  
  141  10:26  Unknown  
  141  10:28  Unknown  
  156  10:29  Unknown  
  156  10:30  Unknown  
  156  10:31  Unknown  
  156  10:33  Unknown x2  
  156  10:34  Unknown x2  
  156  10:35  Unknown x2  
  156  10:36  Unknown, Roach x27  
  156  10:37  Unknown  
  156  10:38  Unknown  
  156  10:39  Unknown  
  156  10:40  Unknown x2  
  156  10:41  Unknown x2  
  156  10:42  Unknown x3, Spore Crawler  
  155  10:43  Drone x3, Spore Crawler, Extractor x2  
  155  10:44  Drone x2, Unknown x2  
  155  10:45  Unknown  
  155  10:46  Unknown  
  155  10:47  Unknown x2  
  155  10:48  Unknown  
  155  10:49  Unknown  
  157  10:50  Unknown  
  157  10:51  Unknown x3  
  157  10:52  Unknown x3  
  157  10:53  Unknown x2  
  157  10:54  Unknown x2  
  157  10:55  Unknown x4  
  157  10:56  Unknown x4  
  157  10:57  Unknown x4  
  157  10:58  Unknown x2  
  157  10:59  Unknown x3  
  157  11:00  Unknown  
  153  11:04  Unknown x2  
  153  11:05  Corruptor, Unknown x2  
  153  11:06  Corruptor x8, Unknown  
  153  11:07  Unknown x2  
  153  11:09  Unknown x2  
  153  11:10  Unknown x3  
  153  11:11  Unknown x3  
  153  11:13  Unknown x2  
  153  11:14  Unknown x3  
  153  11:15  Unknown  
  153  11:16  Unknown x3  
  153  11:17  Unknown x3  
  153  11:18  Unknown x3  
  153  11:19  Unknown  
  153  11:20  Unknown x2  
  153  11:21  Unknown  
  153  11:22  Zerg Melee Weapons Level 3, Zerg Ground Armor Level 3, Unknown, Zerg Missile Weapons Level 3  
  153  11:23  Unknown  
  153  11:25  Unknown x2  
  171  11:26  Unknown x2  
  171  11:27  Unknown x2  
  171  11:28  Unknown x2  
  171  11:29  Unknown, Roach x14  
  171  11:31  Unknown x4  
  171  11:33  Unknown x2  
  171  11:35  Unknown, Roach x14  
  171  11:36  Unknown x3  
  171  11:43  Unknown x2  
  171  11:44  Unknown x2  
  171  11:45  Unknown x2  
  171  11:46  Unknown x5  
  171  11:47  Unknown x5  
  171  11:48  Corruptor x9, Unknown x2  
  171  11:49  Unknown x3  
  171  11:50  Unknown x2  
  171  11:51  Unknown x3  
  171  11:52  Unknown x4  
  171  11:53  Unknown x4  
  171  11:54  Unknown x4  
  171  11:55  Unknown x2  
  171  11:56  Unknown x4  
  171  11:57  Unknown x2  
  171  11:58  Unknown x3  
  143  12:01  Unknown  
  143  12:02  Brood Lord x9  
  143  12:04  Unknown  
  143  12:05  Unknown x2, Roach x4  
  143  12:06  Roach x7  
  143  12:07  Unknown  
  143  12:08  Unknown  
  179  12:09  Unknown x3  
  179  12:10  Unknown x2  
  179  12:11  Unknown x3  
  179  12:13  Unknown, Overseer x2  
  179  12:15  Unknown  
  179  12:17  Corruptor, Unknown  
  179  12:18  Corruptor x8, Unknown  
  179  12:19  Unknown x2  
  179  12:21  Unknown  
  179  12:22  Unknown x2  
  179  12:23  Unknown x2  
  179  12:24  Unknown  
  179  12:25  Unknown x4  
  179  12:27  Unknown  
  179  12:28  Unknown x2  
  179  12:29  Unknown x4  
  179  12:30  Unknown  
  179  12:32  Unknown x2  
  179  12:33  Unknown  
  179  12:34  Unknown x2  
  197  12:37  Unknown x2  
  197  12:38  Unknown  
  197  12:39  Unknown  
  197  12:40  Zerg Flyer Weapons Level 1  
  197  12:41  Zerg Flyer Armor Level 1  
  197  12:42  Unknown  
  197  12:43  Unknown x4  
  197  12:44  Unknown x4  
  197  12:45  Unknown x2  
  197  12:46  Unknown x2  
  197  12:47  Unknown x4  
  197  12:48  Unknown x4  
  197  12:49  Unknown x2  
  197  12:50  Unknown x3  
  197  12:51  Unknown x3  
  197  12:53  Unknown  
  197  12:59  Unknown  
  197  13:00  Unknown  
  197  13:01  Unknown  
  197  13:03  Unknown  
  197  13:04  Unknown x2  
  197  13:05  Unknown x2  
  197  13:06  Unknown x3  
  197  13:07  Unknown x2  
  197  13:09  Unknown x2  
  197  13:10  Unknown x2, Hatchery  
  197  13:11  Unknown x3  
  197  13:12  Unknown x5  
  196  13:13  Unknown x3  
  196  13:15  Unknown x4  
  196  13:16  Unknown  
  196  13:17  Unknown  
  196  13:18  Unknown x3  
  196  13:19  Unknown x2  
  196  13:20  Unknown x3  
  196  13:21  Unknown x2  
  196  13:22  Unknown x2  
  196  13:24  Unknown x2  
  196  13:25  Unknown x2  
  196  13:26  Unknown x3  
  196  13:27  Unknown  
  196  13:29  Unknown x2  
  196  13:30  Unknown  
  196  13:31  Unknown x3  
  196  13:33  Unknown, Adrenal Glands  
  196  13:34  Unknown  
  196  13:35  Unknown  
  196  13:36  Unknown  
  196  13:37  Unknown x2  
  196  13:38  Unknown x2  
  196  13:39  Unknown x3  
  196  13:40  Unknown x2, Overseer  
  196  13:41  Unknown, Overseer  
  196  13:42  Unknown  
  196  13:44  Unknown x4  
  196  13:45  Unknown x4  
  196  13:46  Unknown  
  196  13:47  Unknown x2  
  196  13:48  Unknown x3  
  194  13:49  Corruptor x10, Unknown x3  
  194  13:50  Corruptor x2, Unknown x2  
  194  13:51  Unknown x3  
  194  13:52  Unknown x2  
  194  13:53  Unknown  
  194  13:54  Unknown x5  
  186  13:56  Unknown x4  
  186  13:57  Unknown x5  
  186  13:58  Unknown x3  
  186  13:59  Unknown x2  
  186  14:00  Unknown  
  186  14:01  Unknown x2  
  186  14:02  Unknown x2  
  158  14:05  Unknown  
  158  14:06  Unknown x2  
  158  14:07  Unknown x2  
  158  14:09  Unknown  
  176  14:11  Unknown  
  176  14:12  Unknown x3  
  176  14:13  Unknown  
  176  14:15  Unknown  
  176  14:16  Unknown  
  176  14:18  Unknown x3  
  176  14:19  Corruptor x3, Unknown x3  
  176  14:20  Unknown x2  
  176  14:21  Unknown  
  176  14:28  Unknown  
  176  14:29  Brood Lord x5, Hatchery  
  176  14:30  Brood Lord x3  
  191  14:31  Unknown x2  
  191  14:32  Unknown  
  191  14:33  Unknown x3  
  191  14:34  Unknown x2  
  191  14:35  Zerg Flyer Weapons Level 2, Zerg Flyer Armor Level 2  
  197  14:38  Unknown x3  
  197  14:39  Unknown  
  197  14:40  Unknown  
  197  14:41  Unknown x2  
  197  14:42  Unknown x4  
  197  14:43  Unknown x3  
  197  14:46  Unknown x2  
  197  14:47  Unknown x4  
  197  14:48  Unknown  
  197  14:49  Unknown  
  197  14:51  Unknown x2  
  197  14:52  Unknown x2  
  197  14:53  Unknown x3  
  197  14:57  Unknown x3  
  197  14:58  Unknown  
  197  14:59  Unknown x2  
  197  15:00  Unknown x2  
  197  15:01  Unknown x3  
  197  15:02  Unknown x3  
  197  15:03  Unknown x5  
  197  15:04  Unknown x3, Roach x9  
  197  15:05  Unknown x3  
  197  15:07  Unknown  
  197  15:08  Unknown  
  197  15:11  Unknown  
  197  15:12  Unknown x3  
  197  15:15  Unknown x2  
  197  15:16  Unknown x3  
  197  15:17  Unknown x4  
  197  15:18  Unknown x4  
  197  15:19  Unknown x4  
  197  15:20  Unknown x4  
  197  15:21  Unknown x5  
  197  15:22  Unknown x5  
  197  15:23  Unknown x3  
  197  15:24  Unknown x2  
  197  15:25  Unknown x2  
  197  15:26  Unknown  
  197  15:27  Unknown  
  197  15:28  Unknown x2  
  197  15:29  Unknown x3  
  197  15:30  Unknown  
  197  15:31  Unknown x2  
  197  15:32  Unknown x3  
  197  15:33  Roach  
  197  15:34  Unknown  
  197  15:35  Unknown x3  
  191  15:36  Unknown x2  
  191  15:37  Unknown  
  191  15:39  Unknown  
  191  15:40  Unknown  
  191  15:41  Unknown x2  
  191  15:42  Unknown x2  
  185  15:43  Unknown  
  185  15:44  Unknown x4  
  185  15:47  Unknown x2  
  185  15:48  Unknown x2  
  185  15:49  Unknown x3  
  179  15:50  Unknown x2, Roach  
  179  15:51  Unknown x2, Roach x9  
  179  15:52  Unknown x2  
  179  15:53  Unknown x3  
  179  15:54  Unknown x4  
  179  15:55  Unknown x2  
  179  15:57  Unknown  
  179  16:00  Unknown x3  
  179  16:01  Unknown  
  179  16:02  Unknown  
  179  16:03  Unknown  
  199  16:05  Unknown x3  
  199  16:06  Unknown x4  
  199  16:07  Unknown  
  199  16:08  Unknown x2  
  199  16:09  Unknown x3  
  199  16:10  Unknown x5  
  199  16:11  Unknown x3  
  197  16:13  Unknown x3  
  197  16:14  Unknown x2  
  197  16:15  Unknown x2  
  197  16:23  Unknown x2  
  197  16:24  Unknown x4  
  197  16:25  Unknown  
  197  16:26  Unknown x4  
  197  16:27  Unknown x2  
  197  16:28  Unknown x2  
  197  16:30  Corruptor x4, Unknown  
  197  16:31  Unknown x2  
  197  16:32  Unknown x2  
  197  16:33  Unknown x4  
  197  16:34  Unknown x2  
  197  16:35  Unknown x3  
  197  16:36  Unknown  
  197  16:37  Unknown  
  197  16:38  Unknown x3  
  197  16:39  Unknown x4  
  197  16:40  Unknown x2  
  197  16:41  Unknown x3  
  197  16:42  Unknown  
  197  16:43  Unknown x3  
  197  16:44  Unknown x3  
  197  16:47  Unknown x5  
  193  16:48  Unknown  
  193  16:50  Unknown x2  
  193  16:51  Unknown x2  
  193  16:52  Unknown x2  
  193  16:53  Unknown x3  
  193  16:54  Unknown x4  
  193  16:55  Unknown x2  
  193  16:56  Unknown x2  
  193  16:57  Unknown x3  
  193  16:58  Unknown x2  
  193  16:59  Zerg Flyer Weapons Level 3, Zerg Flyer Armor Level 3  
  193  17:00  Unknown  
  193  17:01  Unknown  
  187  17:02  Unknown  
  187  17:03  Unknown  
  187  17:04  Unknown  
  187  17:05  Unknown  
  187  17:06  Unknown  
  187  17:07  Unknown x2  
  187  17:08  Unknown  
  187  17:10  Unknown x2  
  187  17:11  Unknown  
  187  17:12  Unknown  
  187  17:13  Unknown x2  
  187  17:14  Unknown  
  187  17:16  Unknown  
  187  17:17  Unknown, Roach x6  
  187  17:18  Unknown x2  
  187  17:19  Unknown x2  
  187  17:20  Unknown x4  
  187  17:21  Unknown  
  187  17:24  Unknown  
  187  17:26  Unknown x2  
  187  17:27  Unknown x2  
  187  17:28  Unknown x4  
  187  17:31  Unknown x3  
  187  17:32  Spine Crawler, Unknown  
  187  17:34  Unknown x3  
  187  17:36  Unknown x2  
  187  17:37  Unknown  
  186  17:38  Unknown x4  
  186  17:39  Unknown x3  
  186  17:40  Drone x11, Unknown x3, Overseer  
  186  17:41  Extractor, Unknown x3  
  186  17:42  Unknown x3  
  186  17:43  Unknown x2  
  186  17:44  Extractor, Unknown x2  
  177  17:45  Spine Crawler, Corruptor x15, Unknown x3  
  177  17:46  Unknown x2  
  177  17:47  Unknown x2  
  177  17:48  Unknown x4, Spore Crawler  
  177  17:49  Spine Crawler  
  177  17:50  Unknown x3  
  165  17:51  Unknown  
  165  17:52  Corruptor x5, Unknown x3  
  165  17:53  Unknown  
  165  17:54  Unknown x2  
  165  17:55  Unknown, Spore Crawler  
  165  17:56  Unknown x2  
  165  17:57  Spine Crawler, Unknown, Spore Crawler  
  165  17:58  Unknown x3  
  156  17:59  Spine Crawler, Unknown x4  
  156  18:00  Unknown x2  
  156  18:01  Unknown x3  
  156  18:02  Unknown x2  
  156  18:03  Unknown  
  156  18:05  Unknown x2  
  179  18:06  Unknown x3  
  179  18:07  Unknown  
  179  18:08  Unknown x2  
  179  18:09  Unknown  
  179  18:12  Unknown x2  
  187  18:13  Unknown x2, Roach  
  187  18:14  Unknown  
  187  18:15  Unknown  
  187  18:16  Unknown  
  187  18:17  Unknown x2  
  187  18:19  Unknown x2  
  187  18:20  Unknown  
  187  18:21  Unknown x2  
  187  18:23  Unknown  
  187  18:24  Unknown x2  
  187  18:25  Unknown x3  
  183  18:28  Unknown  
  183  18:29  Unknown x5  
  183  18:30  Unknown x2  
  183  18:31  Unknown  
  183  18:32  Unknown x3  
  183  18:33  Unknown x2  
  183  18:34  Unknown x2  
  183  18:36  Unknown  
  183  18:37  Unknown x5  
  183  18:38  Unknown x4  
  183  18:39  Unknown x2  
  183  18:41  Unknown  
  183  18:42  Unknown x3  
  183  18:44  Unknown  
  183  18:46  Unknown  
  183  18:47  Unknown x2  
  183  18:48  Unknown  
  183  18:49  Unknown x2  
  183  18:50  Unknown x3  
  183  18:51  Unknown x5  
  183  18:52  Unknown  
  183  18:53  Unknown x3  
  183  18:54  Unknown  
  183  18:55  Unknown x2  
  183  18:57  Unknown  
  183  18:58  Unknown x2  
  183  18:59  Unknown  
  183  19:00  Unknown x3  
  183  19:01  Unknown  
  183  19:02  Unknown  
  183  19:03  Unknown  
  183  19:04  Unknown  
  183  19:05  Unknown x2  
  183  19:07  Unknown x2  
  183  19:08  Unknown x5  
  183  19:09  Unknown  
  183  19:10  Unknown  
  183  19:11  Unknown x3  
  183  19:12  Unknown  
  183  19:14  Unknown x3  
  183  19:15  Unknown x3, Overseer  
  183  19:16  Unknown x2, Roach x4  
  183  19:17  Unknown x2  
  183  19:18  Unknown  
  183  19:19  Unknown x2  
  183  19:20  Unknown x2  
  183  19:21  Unknown x2  
  183  19:22  Unknown x3  
  183  19:23  Unknown x3  
  183  19:24  Unknown x2  
  183  19:25  Unknown x3  
  183  19:26  Unknown x3  
  183  19:27  Unknown  
  183  19:28  Unknown  
  183  19:29  Unknown x2  
  183  19:30  Unknown  
  178  19:31  Unknown x2  
  178  19:32  Unknown  
  178  19:34  Unknown  
  178  19:35  Unknown x4  
  178  19:36  Unknown  
  178  19:37  Unknown x3  
  161  19:38  Unknown  
  161  19:39  Unknown x4  
  161  19:41  Unknown x2  
  161  19:44  Unknown x4  
  161  19:45  Unknown x2  
  159  19:46  Unknown x2  
  159  19:47  Unknown  
  159  19:49  Unknown x3  
  159  19:50  Unknown x4  
  159  19:51  Unknown x4  
  159  19:52  Unknown  
  159  19:53  Unknown x2  
  159  19:56  Unknown x2  
  159  19:58  Unknown x2  
  159  19:59  Unknown x2  
  159  20:01  Unknown  
  159  20:05  Unknown x2  
  159  20:06  Unknown  
  159  20:07  Unknown x3  
  159  20:08  Unknown x2  
  159  20:11  Unknown  
  159  20:12  Unknown x4  
  159  20:13  Unknown x2  
  157  20:15  Unknown  
  157  20:16  Unknown  
  157  20:19  Unknown x2  
  157  20:20  Unknown x2, Roach  
  157  20:21  Extractor, Unknown  
  157  20:22  Unknown x2  
  157  20:23  Unknown x2  
  157  20:24  Unknown x2, Roach x7  
  157  20:25  Roach x3  
  157  20:27  Unknown  
  156  20:28  Unknown x2  
  156  20:29  Unknown x3  
  156  20:30  Unknown  
  156  20:31  Unknown x2  
  156  20:32  Unknown x2  
  156  20:33  Unknown  
  156  20:34  Unknown  
  176  20:36  Unknown  
  176  20:37  Unknown x2  
  176  20:38  Unknown  
  176  20:39  Unknown x3  
  176  20:40  Unknown  
  176  20:41  Unknown  
  172  20:42  Unknown  
  172  20:43  Unknown x2  
  172  20:44  Unknown x2  
  172  20:45  Unknown x2  
  172  20:46  Unknown x2  
  172  20:47  Unknown  
  172  20:48  Unknown  
  172  20:49  Unknown  
  172  20:50  Unknown x2  
  172  20:51  Unknown x2  
  172  20:52  Unknown  
  172  20:53  Unknown  
  172  20:54  Unknown x4  
  172  20:55  Unknown x3  
  172  20:56  Unknown x3  
  172  20:57  Unknown x2  
  172  20:58  Unknown x3, Hatchery  
  172  20:59  Unknown x3  
  172  21:00  Unknown x2  
  172  21:02  Unknown x2  
  172  21:03  Unknown  
  172  21:04  Unknown x2  
  171  21:08  Unknown  
  171  21:09  Unknown x2  
  171  21:10  Unknown x2  
  171  21:11  Unknown  
  171  21:13  Unknown x3  
  171  21:14  Unknown x2  
  171  21:15  Unknown x4  
  171  21:17  Unknown x2  
  171  21:20  Corruptor x4  
  171  21:21  Corruptor x13  
  171  21:22  Hatchery  
  171  21:23  Unknown  
  171  21:24  Unknown x4  
  170  21:25  Unknown  
  170  21:26  Unknown x2  
  170  21:27  Unknown x3  
  170  21:28  Unknown x5  
  170  21:29  Corruptor, Unknown x5  
  170  21:30  Unknown x3  
  170  21:31  Unknown x5  
  170  21:32  Unknown x3  
  170  21:33  Unknown x3  
  170  21:34  Unknown x2  
  170  21:35  Unknown x2  
  170  21:36  Unknown x5  
  170  21:37  Unknown x5  
  170  21:38  Unknown  
  198  21:41  Unknown  
  198  21:42  Unknown x2  
  198  21:43  Unknown x2  
  198  21:44  Unknown x2  
  198  21:45  Unknown x3  
  198  21:46  Unknown x3  
  186  21:48  Unknown x3  
  186  21:49  Unknown x3  
  186  21:50  Corruptor x2, Unknown x2  
  186  21:51  Unknown  
  186  21:53  Unknown x2  
  186  21:54  Unknown  
  185  21:56  Unknown  
  185  21:57  Unknown x2  
  185  21:58  Unknown  
  185  22:00  Unknown x3  
  185  22:01  Unknown x3  
  170  22:02  Unknown x2  
  170  22:03  Unknown x2  
  170  22:04  Unknown x2  
  170  22:05  Unknown x3  
  170  22:06  Unknown x3  
  170  22:07  Unknown x4  
  160  22:10  Unknown x2  
  160  22:11  Unknown x4  
  160  22:12  Unknown x2  
  160  22:13  Unknown x3  
  160  22:14  Unknown x4  
  160  22:15  Unknown x2  
  160  22:16  Unknown  
  160  22:17  Unknown x4  
  160  22:18  Unknown x2  
  160  22:19  Unknown x3  
  160  22:20  Unknown x3  
  160  22:21  Unknown x3  
  160  22:22  Unknown x2  
  158  22:23  Unknown x2  
  158  22:24  Unknown  
  158  22:25  Unknown  
  158  22:26  Unknown x3  
  158  22:27  Unknown x3  
  158  22:29  Drone x3, Unknown  
  159  22:30  Drone x3, Unknown  
  159  22:31  Drone, Unknown  
  159  22:32  Unknown  
  159  22:33  Unknown  
  159  22:34  Unknown  
  159  22:35  Unknown x2  
  159  22:36  Unknown  
  163  22:38  Drone, Unknown x2  
  163  22:41  Unknown  
  163  22:42  Unknown x2, Spore Crawler x2  
  163  22:43  Unknown x2, Spore Crawler  
  163  22:44  Unknown x4  
  161  22:45  Unknown x5  
  161  22:47  Unknown x2  
  161  22:48  Unknown x3  
  161  22:49  Unknown x4  
  161  22:51  Unknown  
  161  22:52  Unknown  
  161  22:54  Unknown x2  
  161  22:55  Unknown x3  
  161  22:56  Unknown x2  
  161  22:58  Unknown  
  161  22:59  Drone x3  
  161  23:00  Drone x2, Unknown  
  161  23:01  Unknown  
  161  23:02  Unknown  
  161  23:03  Unknown  
  166  23:06  Drone, Unknown  
  166  23:08  Drone x4, Unknown x2  
  167  23:13  Unknown  
  167  23:14  Unknown  
  167  23:15  Unknown x3  
  167  23:16  Unknown  
  167  23:17  Unknown  
  167  23:19  Unknown  
  167  23:20  Unknown  
  167  23:23  Unknown  
  167  23:25  Unknown  
  167  23:26  Unknown x2, Roach x8  
  167  23:27  Unknown  
  167  23:28  Drone  
  167  23:29  Drone x3, Unknown  
  167  23:30  Drone, Unknown x2  
  167  23:31  Unknown x2  
  167  23:32  Unknown x3  
  167  23:33  Unknown  
  167  23:34  Unknown x3  
  172  23:36  Unknown x3  
  172  23:37  Unknown x3  
  172  23:38  Unknown x2  
  172  23:39  Unknown x3  
  172  23:40  Unknown x3  
  172  23:42  Unknown  
  172  23:43  Unknown x4, Roach  
  172  23:44  Unknown x5  
  172  23:45  Unknown x3  
  172  23:46  Unknown x3  
  170  23:49  Unknown x2  
  170  23:50  Unknown x2  
  170  23:51  Unknown x3  
  170  23:52  Unknown x4  
  170  23:53  Unknown x4  
  170  23:54  Unknown x3  
  170  23:55  Unknown  
  170  23:56  Unknown x5  
  170  23:57  Unknown x2  
  170  23:58  Unknown x2  
  170  23:59  Unknown x2  
  170  24:00  Unknown x3  
  170  24:01  Unknown x2  
  170  24:05  Corruptor  
  170  24:06  Corruptor x7  
  170  24:09  Unknown x4  
  170  24:10  Unknown x2  
  170  24:11  Unknown x2  
  170  24:12  Unknown x3  
  170  24:13  Unknown x3  
  170  24:14  Unknown x5  
  170  24:15  Unknown x2  
  170  24:16  Unknown x3  
  170  24:17  Unknown x5  
  170  24:18  Unknown x4  
  168  24:25  Unknown x3  
  168  24:26  Unknown  
  168  24:27  Unknown  
  168  24:28  Unknown x3  
  168  24:29  Unknown x3  
  168  24:30  Unknown  
  168  24:31  Unknown x4  
  170  24:32  Unknown x3  
  170  24:33  Unknown x4  
  170  24:35  Unknown x2  
  170  24:36  Unknown  
  170  24:37  Unknown x2  
  170  24:38  Unknown x2  
  162  24:39  Unknown x2  
  162  24:41  Unknown  
  162  24:42  Unknown x3  
  162  24:43  Unknown  
  162  24:44  Unknown x2  
  162  24:45  Unknown x4  
  158  24:46  Unknown x2  
  158  24:47  Unknown  
Show
View Real Time Build Order
Export as new Build Order

IIIIIIIII Terran 

Build Orders: Hellion Banshee, Mech 

Get SALT Encoding   

  12  0:08  SCV  
  13  0:17  Supply Depot  
  13  0:20  SCV  
  14  0:32  SCV  
  15  0:40  Barracks  
  15  0:44  SCV  
  16  0:54  Refinery  
  16  0:56  SCV  
  17  1:08  SCV  
  18  1:20  SCV  
  19  1:33  Orbital Command  
  19  1:35  Marine  
  20  1:44  Command Center  
  20  1:56  Factory  
  20  1:58  SCV  
  20  2:00  Unknown  
  20  2:01  Unknown x4  
  21  2:02  Unknown x11  
  21  2:03  Unknown x4  
  21  2:04  Unknown x11  
  21  2:05  Unknown x5  
  21  2:06  Unknown x6  
  21  2:07  Unknown x11  
  21  2:08  Unknown x5  
  21  2:09  Unknown x7  
  21  2:10  Unknown x8  
  21  2:11  Supply Depot, Unknown x3  
  21  2:12  Unknown x9  
  21  2:13  Unknown x8  
  21  2:14  SCV, Unknown x7  
  21  2:15  Unknown x10  
  22  2:16  Unknown x6  
  22  2:17  Unknown x5  
  22  2:18  Unknown x9  
  22  2:19  Barracks Reactor, Unknown x8  
  22  2:20  Unknown x6  
  22  2:21  Unknown x7  
  22  2:22  Unknown x10  
  22  2:23  Unknown x4  
  22  2:24  Unknown x9  
  22  2:25  Unknown x8  
  22  2:26  SCV, Unknown x5  
  22  2:27  Unknown x10  
  22  2:28  Unknown x7  
  22  2:29  Unknown x8  
  23  2:30  Unknown x8  
  23  2:31  Unknown x6, Refinery  
  23  2:32  Unknown x9  
  23  2:33  Unknown x5  
  23  2:34  Unknown x9  
  23  2:35  Unknown x7  
  23  2:36  Unknown x6  
  23  2:37  Unknown x8  
  23  2:38  Unknown x9  
  23  2:39  SCV, Unknown x6  
  23  2:40  Unknown x7  
  23  2:41  Unknown x11  
  23  2:42  Unknown x3  
  23  2:43  Unknown x11  
  23  2:44  Unknown x8  
  24  2:45  Starport, Unknown x3  
  24  2:46  Unknown x11  
  24  2:47  Unknown x9  
  24  2:48  Unknown x8  
  24  2:49  Unknown x7  
  24  2:50  Unknown x10  
  24  2:51  SCV, Unknown x5  
  25  2:52  Unknown x10  
  25  2:53  Unknown x10  
  25  2:54  Unknown x8  
  25  2:55  Unknown x8  
  25  2:56  Unknown x9  
  25  2:57  Unknown x8  
  25  2:58  Unknown x12  
  24  2:59  Unknown x6  
  24  3:00  Unknown x12  
  24  3:01  Unknown x11  
  24  3:02  Unknown x5  
  24  3:03  SCV, Unknown x14  
  24  3:04  Unknown x3  
  24  3:05  SCV, Unknown x14  
  26  3:06  Unknown x11  
  26  3:07  Unknown x8  
  26  3:08  Unknown x8  
  26  3:09  Unknown x14  
  26  3:10  Unknown x4  
  26  3:11  Unknown x11  
  26  3:12  Starport, Unknown x12  
  26  3:13  Unknown x3  
  26  3:14  Unknown x13  
  26  3:15  SCV, Unknown x7  
  26  3:16  Unknown x12  
  26  3:17  Unknown x9  
  26  3:18  Unknown x9  
  26  3:19  Hellion x2, Unknown x5  
  32  3:20  Barracks Tech Lab, Unknown x12  
  32  3:21  Unknown x10  
  32  3:22  Unknown x9  
  32  3:23  Unknown x11  
  32  3:24  Orbital Command, Unknown x10  
  32  3:25  Unknown x11  
  32  3:26  Unknown x8  
  31  3:27  SCV, Unknown x16  
  31  3:28  Unknown x12  
  31  3:29  Unknown x9  
  31  3:30  Unknown x9  
  31  3:31  Unknown x12  
  31  3:32  Unknown x8  
  31  3:33  Unknown x15  
  31  3:34  Unknown x12  
  32  3:35  Unknown x8  
  32  3:36  Unknown x14  
  32  3:37  Unknown x10  
  32  3:38  Supply Depot, Unknown x8  
  32  3:39  SCV, Unknown x12  
  32  3:40  Unknown x12  
  32  3:41  Hellion x2, Unknown x11  
  37  3:42  Unknown x13  
  37  3:43  Unknown x10  
  37  3:44  Unknown x8  
  37  3:45  Unknown x11  
  37  3:46  Unknown x17  
  37  3:47  Unknown x8  
  37  3:48  Unknown x10  
  37  3:49  SCV, Unknown x10  
  37  3:50  Unknown x17  
  37  3:51  SCV, Unknown x8  
  37  3:52  Barracks Tech Lab, Unknown x14  
  37  3:53  Unknown x12, Starport Tech Lab  
  37  3:54  Banshee, Unknown x4  
  37  3:55  Cloaking Field, Unknown x20  
  42  3:56  Unknown x11  
  42  3:57  Unknown x11  
  42  3:58  Unknown x11  
  42  3:59  Unknown x10  
  42  4:00  Unknown x13  
  42  4:01  SCV, Unknown x14  
  42  4:02  Hellion, Unknown x14  
  45  4:03  SCV, Unknown x8  
  45  4:04  Unknown x13  
  45  4:05  Hellion, Unknown x17  
  45  4:06  Unknown x10  
  45  4:07  Unknown x12  
  45  4:08  Unknown x15  
  45  4:09  Unknown x12  
  48  4:10  Unknown x15  
  48  4:11  Unknown x13  
  48  4:12  Unknown x11  
  48  4:13  Unknown x11  
  48  4:14  SCV, Unknown x20  
  48  4:15  SCV, Unknown x15, Supply Depot  
  48  4:16  Unknown x14  
  50  4:17  Unknown x11  
  50  4:18  Unknown x15  
  50  4:19  Unknown x13  
  50  4:20  Unknown x12  
  50  4:21  Unknown x17  
  50  4:22  Unknown x9  
  50  4:23  Unknown x13  
  50  4:24  Unknown x21  
  50  4:25  Unknown x7  
  50  4:26  SCV, Unknown x16  
  50  4:27  SCV, Unknown x16  
  50  4:28  Unknown x6  
  50  4:29  Unknown x24, Widow Mine  
  50  4:30  Unknown x12  
  50  4:31  Unknown x9  
  54  4:32  Unknown x21  
  54  4:33  Unknown x9  
  54  4:34  Unknown x19  
  54  4:35  Unknown x13  
  54  4:36  Unknown x15  
  54  4:37  Unknown x12  
  54  4:38  SCV, Unknown x15  
  55  4:39  Unknown x17  
  55  4:40  Unknown x12  
  55  4:41  Unknown x18  
  55  4:42  Unknown x14  
  55  4:43  Unknown x18  
  55  4:44  Unknown x11  
  55  4:45  Unknown x20  
  55  4:46  Unknown x11  
  55  4:47  Unknown x16  
  55  4:48  SCV, Unknown x18  
  55  4:49  Unknown x16  
  55  4:50  Unknown x11  
  55  4:51  Unknown x19  
  55  4:52  Unknown x18  
  50  4:53  Unknown x13  
  50  4:54  Unknown x18  
  50  4:55  Unknown x17  
  50  4:56  Unknown x12  
  50  4:57  Unknown x16  
  50  4:58  Unknown x23  
  50  4:59  SCV, Unknown x10, Banshee  
  51  5:00  Banshee, Unknown x20  
  51  5:01  Unknown x16  
  51  5:02  Unknown x16  
  51  5:03  Unknown x16  
  51  5:04  Unknown x19  
  51  5:05  Unknown x10  
  51  5:06  SCV, Unknown x20  
  51  5:07  Unknown x18  
  54  5:08  Unknown x16  
  54  5:09  Unknown x15  
  54  5:10  Unknown x17  
  54  5:11  SCV, Unknown x16  
  54  5:12  Unknown x13  
  54  5:13  Hellion, Unknown x21, Widow Mine  
  54  5:14  Unknown x12, Armory  
  57  5:15  Unknown x16  
  57  5:16  Unknown x13, Command Center x2  
  57  5:17  Unknown x19  
  57  5:18  Unknown x14  
  57  5:19  Unknown x15  
  57  5:20  Unknown x16  
  57  5:21  Unknown x13  
  57  5:22  SCV, Unknown x18  
  57  5:23  Unknown x16  
  57  5:24  Unknown x13  
  57  5:25  Unknown x20  
  57  5:26  SCV, Unknown x15  
  57  5:27  Unknown x14  
  57  5:28  Unknown x12  
  59  5:29  Unknown x13, Factory, Refinery x2  
  59  5:30  Unknown x13  
  59  5:31  Unknown x16  
  59  5:32  Unknown x17  
  59  5:33  Unknown x7  
  59  5:34  Unknown x14, Widow Mine  
  59  5:35  Unknown x11  
  61  5:36  Unknown x15  
  61  5:37  Unknown x14  
  61  5:38  Unknown x16  
  61  5:39  Unknown x10  
  61  5:40  Unknown x13  
  61  5:41  Unknown x17  
  61  5:42  Unknown x13  
  61  5:43  Liberator, Unknown x8  
  61  5:44  Unknown x19  
  61  5:45  Unknown x16  
  61  5:46  Unknown x10  
  61  5:47  Unknown x18  
  61  5:48  Unknown x12  
  61  5:49  Unknown x9  
  61  5:50  Unknown x21  
  61  5:51  SCV, Unknown x13  
  61  5:52  Unknown x17  
  61  5:53  Supply Depot, Unknown x12  
  61  5:54  Unknown x16  
  61  5:55  Unknown x14  
  61  5:56  Unknown x14  
  61  5:57  Unknown x16  
  62  5:58  Supply Depot, Unknown x11  
  62  5:59  Unknown x19  
  62  6:00  Banshee, Unknown x14  
  62  6:01  SCV, Unknown x9  
  62  6:02  Unknown x13  
  62  6:03  SCV, Unknown x16  
  62  6:04  Unknown x11, Armory  
  70  6:05  Unknown x21  
  70  6:06  Unknown x11  
  70  6:07  Engineering Bay, Unknown x18  
  70  6:08  Unknown x9  
  70  6:09  Supply Depot, Unknown x19  
  70  6:10  Unknown x13  
  70  6:11  Unknown x12  
  70  6:12  Unknown x15  
  70  6:13  Barracks Tech Lab, Unknown x16  
  70  6:14  Unknown x12  
  70  6:15  Terran Vehicle Weapons Level 1, Unknown x20, SCV  
  70  6:16  Unknown x18  
  70  6:17  Unknown x10  
  70  6:18  Unknown x18  
  71  6:19  Unknown x17  
  71  6:20  Unknown x16  
  71  6:21  Unknown x18  
  71  6:22  Unknown x16, Siege Tank  
  71  6:23  Hellion, Unknown x9  
  71  6:24  Unknown x23  
  71  6:25  Unknown x17  
  76  6:26  SCV, Unknown x16  
  76  6:27  Unknown x15  
  76  6:28  Unknown x16  
  76  6:29  Unknown x17  
  76  6:30  Unknown x16  
  76  6:31  Supply Depot, Unknown x21  
  76  6:32  Unknown x12  
  77  6:33  Unknown x21  
  77  6:34  Unknown x14  
  77  6:35  Unknown x16  
  77  6:36  Orbital Command, Unknown x15  
  77  6:37  Unknown x19  
  77  6:38  SCV, Unknown x16  
  77  6:39  SCV, Unknown x17  
  79  6:40  Unknown x14  
  79  6:41  Unknown x17  
  79  6:42  Unknown x13, Command Center  
  79  6:43  Missile Turret, Unknown x18  
  79  6:44  Unknown x15, Armory  
  79  6:45  Unknown x13  
  79  6:46  Unknown x19  
  79  6:47  Unknown x18  
  79  6:48  Unknown x19  
  79  6:49  Unknown x19  
  79  6:50  Unknown x18  
  79  6:51  Unknown x8  
  79  6:52  Unknown x23  
  79  6:53  Unknown x16  
  79  6:54  Unknown x21  
  79  6:55  Unknown x15  
  79  6:56  Unknown x19  
  79  6:57  Unknown x14  
  79  6:58  Unknown x20  
  79  6:59  Unknown x17  
  79  7:00  Unknown x17  
  79  7:01  Unknown x16  
  76  7:02  Unknown x22  
  76  7:03  Unknown x16  
  76  7:04  SCV, Unknown x16  
  76  7:05  Unknown x16  
  76  7:06  Unknown x18  
  76  7:07  Unknown x15, Factory  
  76  7:08  Unknown x19  
  77  7:09  Unknown x15  
  77  7:10  Starport Reactor, Unknown x17, Siege Tank  
  77  7:11  Hellion x2, Unknown x16  
  77  7:12  Unknown x21  
  77  7:13  Unknown x11  
  77  7:14  Unknown x21  
  77  7:15  Unknown x15  
  84  7:16  Unknown x16  
  84  7:17  Unknown x17  
  84  7:18  Unknown x21  
  84  7:19  Missile Turret, Unknown x11  
  84  7:20  Planetary Fortress, Unknown x20, Refinery  
  84  7:21  SCV, Unknown x13  
  84  7:22  Unknown x22  
  85  7:23  Unknown x15  
  85  7:24  Unknown x21  
  85  7:25  Unknown x14  
  85  7:26  Unknown x15  
  85  7:27  SCV, Unknown x22  
  85  7:28  Unknown x14  
  85  7:29  Unknown x18  
  86  7:30  Unknown x17  
  86  7:31  Unknown x16  
  86  7:32  Unknown x15  
  86  7:33  Unknown x23  
  86  7:34  Unknown x13  
  86  7:35  Liberator, Unknown x21  
  86  7:36  Unknown x15  
  86  7:37  Unknown x21  
  86  7:38  Terran Vehicle And Ship Armor Level 1, Unknown x14  
  86  7:39  Banshee, Unknown x22  
  86  7:40  Hellion x2, Unknown x12  
  86  7:41  SCV, Unknown x21  
  86  7:42  Unknown x16, Siege Tank  
  86  7:43  Unknown x23  
  86  7:44  Unknown x18  
  97  7:45  Unknown x20  
  97  7:46  Unknown x18  
  97  7:47  Missile Turret, Unknown x19  
  97  7:48  Unknown x15  
  97  7:49  Unknown x27  
  97  7:50  Unknown x16  
  97  7:51  Unknown x24  
  97  7:52  Unknown x17  
  97  7:53  Unknown x21  
  97  7:54  Unknown x17  
  97  7:55  Unknown x29  
  97  7:56  Unknown x10  
  97  7:57  Unknown x29  
  97  7:58  Unknown x17  
  100  7:59  Unknown x19, Siege Tank  
  100  8:00  Unknown x23  
  100  8:01  Hellion, Unknown x19, SCV  
  100  8:02  Unknown x21  
  100  8:03  Unknown x22  
  100  8:04  Unknown x19  
  100  8:05  Unknown x16  
  106  8:06  Unknown x19  
  106  8:07  Hellion, Unknown x14  
  106  8:08  Unknown x24  
  106  8:09  Unknown x14  
  106  8:10  Unknown x21  
  106  8:11  Unknown x19  
  106  8:12  Unknown x19  
  108  8:13  Unknown x17  
  108  8:14  Unknown x19  
  108  8:15  Missile Turret, Unknown x14, Siege Tank  
  108  8:16  Unknown x24  
  108  8:17  Unknown x21  
  108  8:18  Unknown x14  
  108  8:19  Unknown x23, Refinery  
  111  8:20  Missile Turret, Unknown x22  
  111  8:21  Unknown x12  
  111  8:22  Unknown x24  
  111  8:23  Hellion, Unknown x23, Refinery  
  111  8:24  Unknown x15  
  111  8:25  Unknown x23  
  111  8:26  Unknown x18  
  111  8:27  Infernal Pre-Igniter, Unknown x21  
  113  8:28  Hellion, Unknown x22  
  113  8:29  Unknown x15  
  113  8:30  Unknown x23  
  113  8:31  Unknown x18  
  113  8:32  Unknown x27  
  113  8:33  Unknown x23  
  113  8:34  Unknown x17, Terran Vehicle Weapons Level 2  
  114  8:35  Unknown x19  
  114  8:36  Unknown x17  
  114  8:37  Unknown x24  
  114  8:38  Unknown x18  
  114  8:39  Unknown x23  
  114  8:40  Unknown x13  
  114  8:41  Supply Depot, Unknown x26  
  111  8:42  Unknown x25  
  111  8:43  Unknown x16  
  111  8:44  SCV, Unknown x24, Hellion  
  111  8:45  Unknown x26  
  111  8:46  Unknown x17  
  111  8:47  Unknown x26, Siege Tank  
  111  8:48  Unknown x25  
  117  8:49  Unknown x19  
  117  8:50  Unknown x24  
  117  8:51  Unknown x25  
  117  8:52  Unknown x21  
  117  8:53  Unknown x25  
  117  8:54  Unknown x22  
  117  8:55  Unknown x25  
  115  8:56  SCV, Unknown x24  
  115  8:57  Unknown x19  
  115  8:58  Unknown x21, Factory Tech Lab  
  115  8:59  Unknown x27  
  115  9:00  SCV, Unknown x20  
  115  9:01  Unknown x29  
  115  9:02  Missile Turret, Unknown x22  
  117  9:03  Unknown x21  
  117  9:04  Unknown x27  
  117  9:05  Missile Turret, Unknown x19  
  117  9:06  Unknown x28  
  117  9:07  Unknown x26  
  117  9:08  Unknown x19  
  117  9:09  Unknown x25  
  113  9:10  Unknown x26  
  113  9:11  Unknown x23  
  113  9:12  SCV, Unknown x25  
  113  9:13  Unknown x24  
  113  9:14  Unknown x19  
  113  9:15  Unknown x26  
  113  9:16  Unknown x28  
  113  9:17  Unknown x21  
  106  9:18  Unknown x28  
  106  9:19  Missile Turret, SCV, Unknown x22  
  106  9:20  Missile Turret, Unknown x26  
  106  9:21  SCV, Unknown x21  
  106  9:22  Unknown x27  
  106  9:23  Unknown x22  
  106  9:24  Unknown x27  
  100  9:25  Unknown x19, Siege Tank  
  100  9:26  Hellion, Unknown x28  
  100  9:27  Unknown x21  
  100  9:28  Unknown x27  
  100  9:29  Unknown x25  
  100  9:30  Unknown x25  
  100  9:31  Unknown x25  
  103  9:32  SCV, Unknown x27  
  103  9:33  Unknown x18  
  103  9:34  Supply Depot, Unknown x29, SCV  
  103  9:35  Unknown x20, Siege Tank  
  103  9:36  Hellion, Unknown x28  
  103  9:37  Unknown x22  
  103  9:38  Orbital Command, Unknown x30  
  110  9:39  SCV, Unknown x16  
  110  9:40  Unknown x27  
  110  9:41  Unknown x24  
  110  9:42  Unknown x25  
  110  9:43  Unknown x22  
  110  9:44  SCV, Unknown x25  
  110  9:45  Unknown x22, Command Center  
  112  9:46  SCV, Unknown x18  
  112  9:47  Unknown x23, Refinery  
  112  9:48  Unknown x23  
  112  9:49  Unknown x13  
  112  9:50  Unknown x29  
  112  9:51  SCV, Unknown x16  
  112  9:52  Unknown x21  
  115  9:53  Unknown x21  
  115  9:54  Unknown x17  
  115  9:55  Unknown x22  
  115  9:56  SCV, Unknown x19  
  115  9:57  Unknown x26  
  115  9:58  SCV, Unknown x17  
  115  9:59  Unknown x19  
  116  10:00  Liberator, Unknown x28  
  116  10:01  Liberator, Unknown x17  
  116  10:02  Unknown x24  
  116  10:03  SCV, Unknown x29  
  116  10:04  Unknown x23  
  116  10:05  Unknown x19  
  116  10:06  Unknown x29  
  116  10:07  Missile Turret, Unknown x18  
  117  10:08  SCV, Unknown x27  
  117  10:09  Unknown x28  
  117  10:10  Unknown x22, Thor x2  
  117  10:11  Unknown x20  
  117  10:12  Unknown x30  
  117  10:13  Unknown x21  
  117  10:14  Unknown x31  
  130  10:15  Supply Depot, Unknown x22  
  130  10:16  Unknown x27  
  130  10:17  Liberator, Unknown x21  
  130  10:18  Unknown x26  
  130  10:19  Unknown x28  
  130  10:20  Unknown x25  
  130  10:21  Unknown x23  
  136  10:22  Supply Depot, Unknown x26  
  136  10:23  Unknown x22  
  136  10:24  Unknown x26  
  136  10:25  Unknown x30  
  136  10:26  Unknown x19  
  136  10:27  Unknown x28  
  136  10:28  Unknown x29  
  136  10:29  Unknown x19  
  136  10:30  Unknown x32  
  136  10:31  Unknown x27  
  136  10:32  Unknown x25  
  136  10:33  Unknown x24  
  136  10:34  Unknown x34  
  136  10:35  Unknown x18  
  139  10:36  Unknown x30  
  139  10:37  Unknown x30  
  139  10:38  Unknown x26  
  139  10:39  Supply Depot, Unknown x25  
  139  10:40  Unknown x32  
  139  10:41  Unknown x25  
  139  10:42  Unknown x31  
  139  10:43  Liberator x2, Unknown x25  
  139  10:44  Unknown x27  
  139  10:45  Unknown x23  
  139  10:46  Unknown x31  
  139  10:47  Unknown x32  
  139  10:48  Unknown x25  
  139  10:49  Unknown x30  
  139  10:50  Unknown x25  
  139  10:51  Unknown x28  
  139  10:52  Missile Turret, Unknown x26, Thor  
  139  10:53  Unknown x32, Thor  
  139  10:54  Unknown x22  
  139  10:55  Unknown x24  
  139  10:56  Unknown x35  
  139  10:57  Unknown x21  
  151  10:58  Unknown x24  
  151  10:59  Unknown x31  
  151  11:00  Liberator, Unknown x18  
  151  11:01  Unknown x29  
  151  11:02  Unknown x26  
  151  11:03  Unknown x22  
  151  11:04  Unknown x21  
  157  11:05  Unknown x33  
  157  11:06  Unknown x12  
  157  11:07  Unknown x31  
  157  11:08  Unknown x18  
  157  11:09  Unknown x25  
  157  11:10  Unknown x19  
  157  11:11  Unknown x29  
  154  11:12  Unknown x22  
  154  11:13  Hellion, Unknown x19  
  154  11:14  Unknown x24  
  154  11:15  Unknown x23  
  154  11:16  Unknown x20  
  154  11:17  Unknown x29  
  154  11:18  Unknown x21  
  159  11:19  Unknown x16  
  159  11:20  Unknown x28  
  159  11:21  Unknown x21  
  159  11:22  Unknown x23  
  159  11:23  Unknown x19, Command Center  
  159  11:24  Unknown x21  
  159  11:25  Unknown x16  
  159  11:26  Liberator x2, Unknown x24  
  159  11:27  Unknown x25, Refinery  
  159  11:28  Unknown x14  
  159  11:29  Unknown x20  
  159  11:30  Unknown x28, Refinery  
  159  11:31  Unknown x14  
  159  11:32  Unknown x29  
  159  11:33  Unknown x22  
  159  11:34  Unknown x13  
  159  11:35  Missile Turret, Unknown x23, Thor  
  159  11:36  Unknown x23, Thor  
  159  11:37  Unknown x20  
  159  11:38  Unknown x21  
  159  11:39  Unknown x23  
  171  11:40  Missile Turret, Unknown x21  
  171  11:41  Unknown x22  
  171  11:42  Missile Turret, Unknown x27  
  171  11:43  Liberator, Unknown x22  
  171  11:44  Unknown x22  
  171  11:45  Unknown x19  
  171  11:46  Unknown x21  
  171  11:47  Unknown x22  
  177  11:48  Unknown x21  
  177  11:49  Unknown x22  
  177  11:50  Unknown x18, Command Center  
  177  11:51  Unknown x24  
  177  11:52  Unknown x31  
  177  11:53  Unknown x15  
  177  11:54  Unknown x26  
  175  11:55  Unknown x28  
  175  11:56  Missile Turret, Unknown x14  
  175  11:57  Unknown x27  
  175  11:58  Unknown x21  
  175  11:59  Unknown x17  
  175  12:00  Missile Turret, Unknown x23  
  175  12:01  Unknown x26  
  174  12:02  Unknown x19  
  174  12:03  Unknown x19  
  174  12:04  Unknown x24  
  174  12:05  Missile Turret, Unknown x21  
  174  12:06  Unknown x21  
  174  12:07  Unknown x21  
  174  12:08  Unknown x19  
  174  12:09  Unknown x23, Command Center  
  174  12:10  Unknown x24  
  174  12:11  Missile Turret, Unknown x22  
  174  12:12  Unknown x20  
  174  12:13  Unknown x23  
  174  12:14  Unknown x24  
  174  12:15  Hellion, Unknown x25  
  173  12:16  Unknown x22  
  173  12:17  Liberator, Unknown x29, Hellion  
  173  12:18  Unknown x16, Thor  
  173  12:19  Unknown x25, Thor  
  173  12:20  Unknown x30  
  173  12:21  Unknown x18, Factory  
  173  12:22  Terran Vehicle And Ship Armor Level 2, Unknown x22, Factory, Terran Vehicle Weapons Level 3  
  187  12:23  Unknown x29  
  187  12:24  Unknown x13, Corvid Reactor  
  187  12:25  Unknown x29  
  187  12:26  Unknown x24  
  187  12:27  Unknown x16  
  187  12:28  Unknown x25  
  187  12:29  Unknown x29  
  187  12:30  Unknown x14  
  187  12:31  Unknown x28  
  187  12:32  Unknown x22  
  187  12:33  Unknown x24  
  187  12:34  Unknown x20, Fusion Core  
  187  12:35  Unknown x23  
  187  12:36  Unknown x21  
  187  12:37  Unknown x26  
  190  12:38  Unknown x24  
  190  12:39  Unknown x21  
  190  12:40  Unknown x23  
  190  12:41  Unknown x27  
  190  12:42  Liberator, Unknown x27  
  190  12:43  Unknown x18  
  190  12:44  Unknown x30  
  190  12:45  Unknown x20  
  190  12:46  Unknown x28  
  190  12:47  Unknown x28  
  190  12:48  Unknown x23  
  190  12:49  Unknown x20  
  190  12:50  Unknown x28  
  190  12:51  Unknown x24  
  189  12:52  Unknown x23  
  189  12:53  Unknown x24  
  189  12:54  Unknown x30  
  189  12:55  Unknown x18  
  189  12:56  Unknown x31  
  189  12:57  Unknown x23  
  189  12:58  Unknown x21  
  189  12:59  Unknown x30  
  189  13:00  Unknown x27  
  189  13:01  Unknown x24, Siege Tank  
  189  13:02  Unknown x24, Siege Tank  
  189  13:03  Unknown x22  
  189  13:04  Ghost Academy x2, Unknown x23  
  189  13:05  Unknown x25  
  198  13:06  Unknown x27  
  198  13:07  Unknown x23  
  198  13:08  Ghost Academy x3, Unknown x17  
  198  13:09  Unknown x28  
  198  13:10  Unknown x24  
  198  13:11  Unknown x17  
  198  13:12  Unknown x30  
  198  13:13  Missile Turret, Unknown x19  
  198  13:14  Unknown x17, Factory Tech Lab x2  
  198  13:15  Unknown x35  
  198  13:16  Unknown x16  
  198  13:17  Unknown x22  
  198  13:18  Unknown x26  
  198  13:19  Unknown x21  
  198  13:20  Unknown x26  
  198  13:21  Hellion, Unknown x22  
  198  13:22  Planetary Fortress, Unknown x24  
  198  13:23  Unknown x22  
  198  13:24  Unknown x21  
  198  13:25  Unknown x30  
  198  13:26  Unknown x18  
  198  13:27  Unknown x26  
  198  13:28  Unknown x28  
  198  13:29  Unknown x17  
  198  13:30  Unknown x29  
  198  13:31  Unknown x27  
  198  13:32  Unknown x23  
  198  13:33  Unknown x21  
  198  13:34  Orbital Command, Unknown x30  
  198  13:35  Unknown x20  
  198  13:36  Unknown x24  
  198  13:37  Unknown x27  
  198  13:38  Unknown x20  
  198  13:39  Unknown x26  
  198  13:40  Unknown x24  
  198  13:41  Hellion, Unknown x24  
  200  13:42  Unknown x21  
  200  13:43  Unknown x24  
  200  13:44  Unknown x25  
  200  13:45  Unknown x21  
  200  13:46  Unknown x23  
  200  13:47  Unknown x27  
  200  13:48  Liberator, Unknown x20  
  200  13:49  Liberator, Unknown x24  
  200  13:50  Unknown x32  
  200  13:51  Unknown x13  
  200  13:52  Unknown x34  
  200  13:53  Unknown x19  
  200  13:54  Unknown x27  
  200  13:55  Unknown x21  
  176  13:56  Unknown x27  
  176  13:57  Unknown x19  
  176  13:58  Unknown x25  
  176  13:59  Unknown x24  
  176  14:00  Unknown x25  
  176  14:01  Unknown x21  
  176  14:02  Unknown x28  
  131  14:03  Unknown x23  
  131  14:04  Hellion, Unknown x21, Siege Tank x2  
  131  14:05  Hellion, Unknown x28, Battlecruiser  
  131  14:06  Unknown x25  
  131  14:07  Unknown x19  
  131  14:08  Unknown x26  
  131  14:09  Unknown x26  
  119  14:10  Unknown x19  
  119  14:11  Unknown x31  
  119  14:12  Hellion, Unknown x17, Siege Tank  
  119  14:13  Unknown x23  
  119  14:14  Unknown x26  
  119  14:15  Ghost, Unknown x24  
  119  14:16  Unknown x22  
  119  14:17  Unknown x27  
  126  14:18  Unknown x22  
  126  14:19  Unknown x22  
  126  14:20  Unknown x26  
  126  14:21  Unknown x24  
  126  14:22  Unknown x25  
  126  14:23  Unknown x22  
  126  14:24  Unknown x24  
  126  14:25  Starport, Unknown x20  
  126  14:26  Unknown x24  
  126  14:27  Unknown x27  
  126  14:28  Unknown x20  
  126  14:29  Unknown x25  
  126  14:30  Hellion, Unknown x21, Liberator  
  126  14:31  Unknown x25  
  128  14:32  Unknown x21  
  128  14:33  Unknown x27, Siege Tank  
  128  14:34  Unknown x20  
  128  14:35  Unknown x22  
  128  14:36  Unknown x25  
  128  14:37  Unknown x24  
  128  14:38  Unknown x25  
  131  14:39  Terran Ship Weapons Level 1, Unknown x25  
  131  14:40  Unknown x25  
  131  14:41  Unknown x21  
  131  14:42  Unknown x26  
  131  14:43  Unknown x25  
  131  14:44  Unknown x21  
  131  14:45  Unknown x24  
  128  14:46  Unknown x28  
  128  14:47  Unknown x19  
  128  14:48  Unknown x25  
  128  14:49  Unknown x25, Viking  
  128  14:50  Unknown x21  
  128  14:51  Planetary Fortress, Unknown x22  
  128  14:52  Unknown x29  
  133  14:53  Unknown x16  
  133  14:54  Unknown x28  
  133  14:55  SCV x3, Unknown x23  
  133  14:56  Unknown x21  
  133  14:57  Unknown x26  
  133  14:58  Unknown x26  
  133  14:59  Unknown x21  
  132  15:00  Hellion, Unknown x26, Siege Tank  
  132  15:01  Unknown x24  
  132  15:02  Starport Reactor, Unknown x24  
  132  15:03  Unknown x21  
  132  15:04  Unknown x27  
  132  15:05  Unknown x24  
  132  15:06  Unknown x21  
  132  15:07  Unknown x30  
  134  15:08  Unknown x20  
  134  15:09  Unknown x18, Viking  
  134  15:10  Unknown x33  
  134  15:11  Unknown x16  
  134  15:12  Unknown x27  
  134  15:13  Unknown x21  
  134  15:14  Unknown x24  
  136  15:15  Unknown x21  
  136  15:16  Unknown x22  
  136  15:17  Unknown x26  
  136  15:18  Unknown x17  
  136  15:19  Unknown x26  
  136  15:20  Unknown x24  
  136  15:21  Orbital Command, Unknown x22, Personal Cloaking  
  136  15:22  Nuke x4, Unknown x24  
  136  15:23  Unknown x25  
  136  15:24  Unknown x13  
  136  15:25  Unknown x30  
  136  15:26  Unknown x25  
  136  15:27  Unknown x21  
  136  15:28  Unknown x19  
  136  15:29  Unknown x26  
  136  15:30  Unknown x15  
  136  15:31  Unknown x27  
  136  15:32  Unknown x23  
  136  15:33  Unknown x21  
  136  15:34  Unknown x19  
  136  15:35  SCV, Unknown x27  
  136  15:36  Unknown x16  
  136  15:37  Unknown x29  
  136  15:38  Unknown x20  
  136  15:39  Unknown x21  
  136  15:40  Unknown x20  
  136  15:41  Unknown x27  
  136  15:42  Unknown x19  
  135  15:43  Unknown x23  
  135  15:44  Banshee, Unknown x19  
  135  15:45  Unknown x26, Command Center  
  135  15:46  Unknown x20  
  135  15:47  Unknown x21  
  135  15:48  Unknown x22  
  135  15:49  Unknown x18  
  137  15:50  Unknown x22  
  137  15:51  Orbital Command, Unknown x24  
  137  15:52  Unknown x16  
  137  15:53  Unknown x21  
  137  15:54  Unknown x25  
  137  15:55  Unknown x17  
  137  15:56  Unknown x21  
  137  15:57  Unknown x23  
  137  15:58  Unknown x16  
  137  15:59  Unknown x23  
  137  16:00  Unknown x21  
  137  16:01  Unknown x20  
  137  16:02  Unknown x20  
  137  16:03  Liberator x3, Unknown x20  
  137  16:04  Unknown x23  
  137  16:05  SCV x2, Unknown x17  
  137  16:06  Unknown x24  
  137  16:07  Unknown x17  
  137  16:08  Unknown x20  
  137  16:09  Unknown x22  
  137  16:10  Unknown x22  
  137  16:11  Unknown x19  
  139  16:12  Unknown x17  
  139  16:13  Unknown x24  
  139  16:14  Unknown x15  
  139  16:15  Unknown x18  
  139  16:16  Unknown x22  
  139  16:17  Unknown x16  
  139  16:18  Unknown x22  
  133  16:19  Unknown x20  
  133  16:20  Unknown x19  
  133  16:21  Ghost, Unknown x17  
  133  16:22  Unknown x24  
  133  16:23  Missile Turret, Unknown x14  
  133  16:24  Unknown x21  
  133  16:25  Unknown x23  
  144  16:26  Unknown x16  
  144  16:27  Unknown x17  
  144  16:28  Unknown x22  
  144  16:29  Missile Turret, Unknown x18  
  144  16:30  Unknown x18  
  144  16:31  Unknown x21  
  144  16:32  Unknown x21, Command Center  
  144  16:33  Unknown x17  
  144  16:34  Missile Turret, Unknown x22  
  144  16:35  Unknown x18  
  144  16:36  Hellion x3, Unknown x17, Refinery  
  144  16:37  Liberator, Unknown x23  
  144  16:38  Unknown x20, Battlecruiser  
  144  16:39  Unknown x17  
  150  16:40  Unknown x17  
  150  16:41  Unknown x22  
  150  16:42  Unknown x15  
  150  16:43  Unknown x22  
  150  16:44  Unknown x20  
  150  16:45  Unknown x20  
  150  16:46  Unknown x16  
  150  16:47  Nuke, Unknown x27  
  149  16:48  Unknown x10  
  149  16:49  Unknown x25  
  149  16:50  Unknown x21  
  149  16:51  Unknown x14  
  149  16:52  Unknown x21  
  149  16:53  Unknown x19  
  149  16:54  Unknown x17  
  149  16:55  Unknown x22  
  149  16:56  Unknown x16  
  149  16:57  Unknown x22  
  149  16:58  Unknown x15  
  149  16:59  Unknown x23  
  149  17:00  Unknown x19  
  149  17:01  Unknown x20  
  152  17:02  Unknown x20  
  152  17:03  Unknown x18  
  152  17:04  Unknown x20  
  152  17:05  Missile Turret, Unknown x21  
  152  17:06  Unknown x18  
  152  17:07  Unknown x24  
  152  17:08  Unknown x19  
  152  17:09  Unknown x27  
  152  17:10  Unknown x19, Refinery  
  152  17:11  Unknown x20  
  152  17:12  Unknown x28  
  152  17:13  Ghost, Unknown x18  
  152  17:14  Liberator, Unknown x23  
  152  17:15  Unknown x26  
  154  17:16  Unknown x16  
  154  17:17  Unknown x31  
  154  17:18  Unknown x23  
  154  17:19  Unknown x18  
  154  17:20  Unknown x29  
  154  17:21  Unknown x17  
  154  17:22  Unknown x24  
  154  17:23  Unknown x24  
  154  17:24  Unknown x25  
  154  17:25  Unknown x21  
  154  17:26  Unknown x25  
  154  17:27  Unknown x18  
  154  17:28  Unknown x23  
  154  17:29  Unknown x20  
  154  17:30  Unknown x22  
  154  17:31  Unknown x27  
  154  17:32  Unknown x20  
  154  17:33  Unknown x25  
  154  17:34  Liberator, Unknown x21  
  154  17:35  Liberator, Unknown x19  
  154  17:36  Unknown x22  
  154  17:37  Unknown x29  
  151  17:38  Unknown x20  
  151  17:39  Unknown x20  
  151  17:40  Unknown x22  
  151  17:41  Unknown x19  
  151  17:42  Unknown x21  
  151  17:43  Unknown x26  
  151  17:44  Unknown x15  
  143  17:45  Ghost, Unknown x23  
  143  17:46  Unknown x28  
  143  17:47  Orbital Command, Unknown x18  
  143  17:48  Unknown x20  
  143  17:49  Unknown x23  
  143  17:50  Unknown x19  
  143  17:51  Unknown x25  
  139  17:52  Missile Turret, Unknown x20  
  139  17:53  Unknown x21  
  139  17:54  Unknown x20  
  139  17:55  Unknown x24  
  139  17:56  Unknown x22  
  139  17:57  Unknown x19  
  139  17:58  Unknown x26  
  142  17:59  Hellion, Unknown x23  
  142  18:00  Unknown x20  
  142  18:01  Unknown x22  
  142  18:02  Unknown x22  
  142  18:03  Unknown x19  
  142  18:04  Unknown x23  
  142  18:05  Unknown x27  
  132  18:06  Unknown x17  
  132  18:07  Unknown x24  
  132  18:08  Unknown x23  
  132  18:09  Unknown x17  
  132  18:10  Unknown x25  
  132  18:11  Unknown x23  
  132  18:12  Unknown x17  
  127  18:13  Unknown x23  
  127  18:14  Unknown x27  
  127  18:15  Unknown x16  
  127  18:16  Unknown x23  
  127  18:17  Unknown x24  
  127  18:18  Unknown x17  
  127  18:19  Unknown x21  
  125  18:20  Unknown x25  
  125  18:21  Unknown x13  
  125  18:22  Unknown x29  
  125  18:23  Unknown x14, Viking  
  125  18:24  Hellion, Unknown x18  
  125  18:25  Unknown x19  
  125  18:26  Unknown x24  
  129  18:27  Unknown x18  
  129  18:28  Unknown x20  
  129  18:29  Unknown x25  
  129  18:30  Unknown x15  
  129  18:31  Unknown x15, Viking x2  
  129  18:32  Unknown x23  
  129  18:33  Unknown x14  
  129  18:34  Unknown x21, Viking  
  127  18:35  Unknown x14, Viking  
  127  18:36  Unknown x15  
  127  18:37  Unknown x17  
  127  18:38  Unknown x16  
  127  18:39  Unknown x17  
  127  18:40  Unknown x14  
  127  18:41  Unknown x16  
  123  18:42  Unknown x18  
  123  18:43  Unknown x9  
  123  18:44  Unknown x22  
  123  18:45  Unknown x13  
  123  18:46  Unknown x14  
  123  18:47  Unknown x14, Siege Tank  
  123  18:48  Hellion, Unknown x16, Thor x2  
  120  18:49  Unknown x12  
  120  18:50  Unknown x22  
  120  18:51  Unknown x14  
  120  18:52  Unknown x14  
  120  18:53  Unknown x13, Viking  
  120  18:54  Unknown x20  
  120  18:55  Unknown x13  
  134  18:56  Unknown x15  
  134  18:57  Unknown x17  
  134  18:58  Unknown x14  
  134  18:59  Unknown x16  
  134  19:00  Unknown x13  
  134  19:01  Unknown x17, Viking x2  
  134  19:02  Unknown x16  
  138  19:03  Unknown x15  
  138  19:04  Unknown x15  
  138  19:05  Unknown x14  
  138  19:06  Unknown x14  
  138  19:07  Unknown x21  
  138  19:08  Unknown x11  
  138  19:09  Unknown x18  
  138  19:10  Unknown x14  
  138  19:11  Unknown x13  
  138  19:12  Unknown x16  
  138  19:13  Liberator, Unknown x18  
  138  19:14  Liberator x4, Unknown x12  
  138  19:15  Unknown x18  
  138  19:16  Unknown x18  
  138  19:17  Unknown x10  
  138  19:18  Unknown x20  
  138  19:19  Unknown x10  
  138  19:20  Unknown x22  
  138  19:21  Unknown x14  
  138  19:22  Unknown x14  
  138  19:23  Unknown x16  
  138  19:24  Unknown x11  
  138  19:25  Unknown x19  
  138  19:26  Unknown x14  
  138  19:27  Unknown x13  
  138  19:28  Unknown x20  
  138  19:29  Unknown x11, Siege Tank  
  138  19:30  Hellion, Unknown x16  
  138  19:31  Unknown x12  
  155  19:32  Unknown x20  
  155  19:33  Unknown x13  
  155  19:34  Unknown x14  
  155  19:35  Unknown x19  
  155  19:36  Unknown x10  
  155  19:37  Unknown x19  
  155  19:38  Unknown x17  
  158  19:39  Unknown x12  
  158  19:40  Unknown x18  
  158  19:41  Unknown x13  
  158  19:42  Unknown x12  
  158  19:43  Unknown x18  
  158  19:44  Unknown x17  
  158  19:45  Unknown x12  
  154  19:46  Unknown x19  
  154  19:47  Unknown x11  
  154  19:48  Unknown x18  
  154  19:49  Unknown x12  
  154  19:50  Unknown x19  
  154  19:51  Unknown x13  
  154  19:52  Unknown x17  
  148  19:53  Unknown x14  
  148  19:54  Unknown x18  
  148  19:55  Unknown x8  
  148  19:56  Liberator x3, Unknown x22  
  148  19:57  Liberator x2, Unknown x13  
  148  19:58  Unknown x16  
  148  19:59  Unknown x16  
  137  20:00  Unknown x15  
  137  20:01  Unknown x11  
  137  20:02  Unknown x21  
  137  20:03  Unknown x11  
  137  20:04  SCV, Unknown x20  
  137  20:05  Unknown x11  
  137  20:06  Unknown x17  
  137  20:07  Unknown x12  
  125  20:08  SCV, Unknown x15  
  125  20:09  Hellion x2, Unknown x20  
  125  20:10  Unknown x11  
  125  20:11  Unknown x14  
  125  20:12  Unknown x19  
  125  20:13  Unknown x10  
  125  20:14  Unknown x18  
  140  20:15  Unknown x16  
  140  20:16  Unknown x15  
  140  20:17  Unknown x18  
  140  20:18  Unknown x12  
  140  20:19  Unknown x16  
  140  20:20  Unknown x16  
  140  20:21  Unknown x17  
  143  20:22  Unknown x16  
  143  20:23  Unknown x16  
  143  20:24  Unknown x14  
  143  20:25  Hellion x2, Unknown x18  
  143  20:26  Unknown x14  
  143  20:27  Unknown x15  
  143  20:28  Unknown x18  
  141  20:29  Unknown x16  
  141  20:30  Unknown x16  
  141  20:31  Unknown x18  
  141  20:32  Unknown x14  
  141  20:33  Unknown x16  
  141  20:34  Unknown x14  
  141  20:35  Unknown x19  
  140  20:36  Unknown x12  
  140  20:37  Unknown x21  
  140  20:38  Unknown x14  
  140  20:39  Liberator x4, Unknown x15  
  140  20:40  Liberator, Unknown x21  
  140  20:41  Unknown x13  
  140  20:42  Unknown x22  
  140  20:43  Unknown x18  
  140  20:44  Orbital Command, Unknown x21  
  140  20:45  Unknown x22  
  140  20:46  Unknown x17  
  140  20:47  Hellion, Unknown x19  
  140  20:48  Unknown x15  
  140  20:49  Unknown x15  
  135  20:50  Unknown x21  
  135  20:51  Unknown x16  
  135  20:52  Unknown x19  
  135  20:53  Unknown x24  
  135  20:54  Unknown x17  
  135  20:55  Unknown x17  
  135  20:56  Hellion, Unknown x19, Siege Tank  
  135  20:57  Unknown x14  
  151  20:58  Unknown x20  
  151  20:59  Unknown x21  
  151  21:00  Unknown x17  
  151  21:01  Unknown x15  
  151  21:02  Unknown x23  
  151  21:03  Unknown x16  
  151  21:04  Unknown x19  
  154  21:05  Missile Turret, Unknown x20  
  154  21:06  Unknown x13  
  154  21:07  Missile Turret, Unknown x22  
  154  21:08  Unknown x21  
  154  21:09  Unknown x14  
  154  21:10  Unknown x16  
  154  21:11  Unknown x18  
  154  21:12  Unknown x18  
  154  21:13  Unknown x14  
  154  21:14  Unknown x16  
  154  21:15  Unknown x18  
  154  21:16  Unknown x10  
  154  21:17  Unknown x21  
  154  21:18  Unknown x14  
  154  21:19  Unknown x15  
  154  21:20  Unknown x19  
  154  21:21  Unknown x14  
  154  21:22  Liberator x4, Unknown x19  
  154  21:23  Liberator, Unknown x14  
  154  21:24  Unknown x16  
  154  21:25  Unknown x14  
  137  21:26  Unknown x14  
  137  21:27  Unknown x16  
  137  21:28  Unknown x7  
  137  21:29  Unknown x16  
  137  21:30  Unknown x12  
  137  21:31  Unknown x14  
  137  21:32  Unknown x12  
  122  21:33  Unknown x15  
  122  21:34  Unknown x10  
  122  21:35  Unknown x14  
  122  21:36  Unknown x13  
  122  21:37  Unknown x13  
  122  21:38  Unknown x14  
  122  21:39  Unknown x14  
  111  21:40  Unknown x9  
  111  21:41  Unknown x16  
  111  21:42  Unknown x9  
  111  21:43  Unknown x16  
  111  21:44  Unknown x12  
  111  21:45  Unknown x10  
  111  21:46  Unknown x12  
  111  21:47  Unknown x10  
  100  21:48  Unknown x15  
  100  21:49  Unknown x10  
  100  21:50  Unknown x12  
  100  21:51  Unknown x13  
  100  21:52  Unknown x13  
  100  21:53  Unknown x9  
  100  21:54  Unknown x15  
  100  21:55  Unknown x11  
  100  21:56  Unknown x10  
  100  21:57  Unknown x13  
  100  21:58  Unknown x11  
  100  21:59  Unknown x13  
  100  22:00  Unknown x9  
  100  22:01  Unknown x15  
  95  22:02  Unknown x9  
  95  22:03  Unknown x15  
  95  22:04  Liberator, Unknown x13  
  95  22:05  Liberator, Unknown x9, Siege Tank x2, Hellion  
  95  22:06  Unknown x12  
  95  22:07  Unknown x14  
  95  22:08  Unknown x11  
  96  22:09  Unknown x15  
  96  22:10  Unknown x8  
  96  22:11  Unknown x14  
  96  22:12  Unknown x11  
  96  22:13  Unknown x11  
  96  22:14  Unknown x12  
  96  22:15  Unknown x10  
  96  22:16  Unknown x13  
  96  22:17  Unknown x11  
  96  22:18  Unknown x8  
  96  22:19  Unknown x13  
  96  22:20  Unknown x10  
  96  22:21  Unknown x10  
  96  22:22  Unknown x15, Viking x2  
  100  22:23  Unknown x8, Viking  
  100  22:24  Unknown x9  
  100  22:25  Unknown x15  
  100  22:26  Unknown x12  
  100  22:27  Unknown x10  
  100  22:28  Unknown x14  
  100  22:29  Unknown x12  
  99  22:30  Unknown x10  
  99  22:31  Unknown x13  
  99  22:32  Unknown x8  
  99  22:33  Unknown x16  
  99  22:34  Unknown x11  
  99  22:35  Unknown x11  
  99  22:36  Unknown x9  
  99  22:37  Unknown x15  
  99  22:38  Unknown x12  
  99  22:39  Unknown x9  
  99  22:40  Unknown x11  
  99  22:41  Unknown x12  
  99  22:42  Unknown x9  
  99  22:43  Unknown x12  
  99  22:44  Unknown x11  
  99  22:45  Unknown x11  
  99  22:46  Liberator, Unknown x10  
  99  22:47  Liberator, Unknown x11  
  99  22:48  Unknown x10  
  99  22:49  Unknown x8  
  99  22:50  Unknown x16  
  99  22:51  Unknown x6  
  96  22:52  Banshee, Unknown x12  
  96  22:53  Hellion, Unknown x13, Siege Tank  
  96  22:54  Unknown x10  
  96  22:55  Unknown x9  
  96  22:56  Liberator, Unknown x9  
  96  22:57  Unknown x11  
  96  22:58  Unknown x10  
  104  22:59  Unknown x12  
  104  23:00  Unknown x11  
  104  23:01  Unknown x8  
  104  23:02  Unknown x12  
  104  23:03  Unknown x11  
  104  23:04  Unknown x6  
  104  23:05  Unknown x13  
  100  23:06  Unknown x9  
  100  23:07  Unknown x10  
  100  23:08  Unknown x11  
  100  23:09  Unknown x9  
  100  23:10  Unknown x11  
  100  23:11  Unknown x6  
  100  23:12  Unknown x14  
  100  23:13  Unknown x8  
  100  23:14  Unknown x7  
  100  23:15  Unknown x12  
  100  23:16  Unknown x12  
  100  23:17  Unknown x7  
  100  23:18  Unknown x12  
  100  23:19  Unknown x7  
  103  23:20  Unknown x9  
  103  23:21  Unknown x17  
  103  23:22  Unknown x7  
  103  23:23  Unknown x7  
  103  23:24  Unknown x10  
  103  23:25  Unknown x12  
  103  23:26  Unknown x7  
  103  23:27  Unknown x9  
  103  23:28  Unknown x11  
  103  23:29  Unknown x8  
  103  23:30  Unknown x7  
  103  23:31  Unknown x12  
  103  23:32  Unknown x6  
  103  23:33  Unknown x11  
  103  23:34  Unknown x10  
  103  23:35  Unknown x7  
  103  23:36  Unknown x7  
  103  23:37  Unknown x13  
  103  23:38  Unknown x7  
  103  23:39  Unknown x9  
  103  23:40  Hellion, Unknown x11, Thor  
  103  23:41  Hellion, Unknown x11  
  110  23:42  Unknown x3  
  110  23:43  Unknown x12  
  110  23:44  Unknown x11  
  110  23:45  Unknown x5  
  110  23:46  Unknown x12  
  110  23:47  Unknown x8  
  110  23:48  Unknown x8  
  104  23:49  Unknown x12  
  104  23:50  Unknown x6  
  104  23:51  Hellion, Unknown x6  
  104  23:52  Hellion x2, Unknown x9  
  104  23:53  Unknown x10  
  104  23:54  Unknown x7  
  104  23:55  Unknown x11  
  108  23:56  Unknown x8  
  108  23:57  Unknown x8  
  108  23:58  Unknown x9  
  108  23:59  Unknown x9  
  108  24:00  Unknown x7  
  108  24:01  Unknown x10  
  108  24:02  Hellion x2, Unknown x9  
  112  24:03  Unknown x8  
  112  24:04  Unknown x10  
  112  24:05  Unknown x8  
  112  24:06  Unknown x9  
  112  24:07  Unknown x14  
  112  24:08  Unknown x10  
  112  24:09  Unknown x11  
  111  24:10  Unknown x10  
  111  24:11  Unknown x11  
  111  24:12  Unknown x11  
  111  24:13  Hellion x3, Unknown x4  
  111  24:14  Unknown x9  
  111  24:15  Unknown x9  
  111  24:16  Unknown x10  
  111  24:17  Unknown x10  
  108  24:18  Unknown x7  
  108  24:19  Unknown x5  
  108  24:20  Unknown x10  
  108  24:21  Unknown x4  
  108  24:22  Unknown x10  
  108  24:23  Hellion x3, Unknown x5  
  108  24:24  Unknown x12  
  99  24:25  Unknown x3  
  99  24:26  Unknown x10  
  99  24:27  Unknown x4  
  99  24:28  Unknown x5  
  99  24:30  Unknown x4  
  99  24:31  Unknown  
  73  24:32  Unknown  
  73  24:33  Unknown x2  
  73  24:34  SCV  
  73  24:35  Unknown  
  73  24:36  Unknown x2  
  73  24:37  Unknown  
  73  24:38  Unknown  
  55  24:39  Unknown  
  55  24:40  Unknown x2  
  55  24:42  Unknown  
  55  24:43  Unknown  
  55  24:44  Unknown  
  46  24:47  Unknown  
Tags
 
Add a new tag
Caveats
  • Supply blocks, unpowered buildings, or Contaminate may cause inaccurate times.
  • Supply counts are checked every 10 seconds.